 Dungeon Crawl Stone Soup version 0.29-a0-841-g116ddc6ace (webtiles) character file.

Game seed: 2646735164764927079

154 reriks the Shield-Bearer (level 5, -11/33 HPs)
             Began as a Gargoyle Fighter on July 14, 2022.
             Mangled by an ogre
             ... wielding a +0 giant spiked club
              (16 damage)
             ... on level 7 of the Dungeon.
             The game lasted 00:03:47 (3168 turns).

reriks the Shield-Bearer (Gargoyle Fighter)         Turns: 3168, Time: 00:03:47

Health: -11/33     AC: 15    Str: 21    XL:     5   Next: 36%
Magic:  5/5        EV:  6    Int: 13    God:
Gold:   149        SH:  4    Dex:  9    Spells: 4/4 levels left

rFire   + + .      SeeInvis .   t - +9 rapier of Popt {vorpal, rF++ Int+4}
rCold   . . .      Faith    .   c - +0 buckler
rNeg    + . .      Spirit   .   f - +0 plate armour
rPois   ∞          Reflect  .   (no helmet)
rElec   +          Harm     .   (no cloak)
rCorr   .          Rampage  .   (no gloves)
Will    .....                   (no boots)
Stlth   ..........              (no amulet)
HPRegen 0.11/turn               (no ring)
MPRegen 0.09/turn               (no ring)

@: no status effects
A: sickness immunity, AC +4, negative energy resistance 1, electricity
resistance, torment resistance 1, petrification resistance
a: no special abilities


You were on level 7 of the Dungeon.
You visited 1 branch of the dungeon, and saw 6 of its levels.

You collected 149 gold pieces.

Inventory:

Hand Weapons
 a - a +0 long sword
 t - the +9 rapier of Popt (weapon) {vorpal, rF++ Int+4}
   (You found it on level 3 of the Dungeon)

   It inflicts extra damage upon your enemies.
   Int:       It affects your intelligence (+4).
   rF:        It greatly protects you from fire.
Missiles
 h - 5 boomerangs (quivered)
Armour
 b - a +0 scale mail
 c - a +0 buckler (worn)
 f - a +0 plate armour (worn)
Wands
 r - a wand of roots (13)
Scrolls
 e - a scroll of poison
 i - 2 scrolls of magic mapping {unknown}
 k - a scroll of identify {unknown}
 o - 2 scrolls of amnesia {unknown}
 q - a scroll of immolation {unknown}
Potions
 d - a potion of might
 g - 3 potions of curing {unknown}
 j - 2 potions of heal wounds {unknown}
 l - 2 potions of cancellation {unknown}
 m - a potion of berserk rage {unknown}
 n - a potion of brilliance {unknown}
 p - a potion of flight {unknown}
 s - a potion of haste {unknown}


   Skills:
 + Level 4.1 Fighting
 * Level 2.9 Long Blades
 + Level 0.6 Throwing
 + Level 4.1 Armour
 + Level 0.8 Dodging
 + Level 4.1 Shields


You had 4 spell levels left.
You didn't know any spells.
Your spell library contained the following spells:

 Spells                   Type           Power      Damage    Failure   Level
 Static Discharge         Conj/Air       0%         3-3/arc   100%        2
 Dispel Undead            Necr           0%         3d6       100%        4
 Fulminant Prism          Conj/Hex       0%         3d6       100%        4
 Iskenderun's Mystic Bla  Conj/Tloc      0%         2d3       100%        4
 Sticky Flame             Conj/Fire      0%         2d3       100%        4
 Lee's Rapid Deconstruct  Erth           0%         3d5*      100%        5


Dungeon Overview and Level Annotations

Branches:
Dungeon (8/15)
 Temple: D:4-7         Lair: D:8-11

Altars:

Annotations:
D:8 Joseph


Innate Abilities, Weirdness & Mutations

You are immune to sickness and miasma.
Your stone body is resilient. (AC +4)
You are immune to poison.
You resist negative energy. (rN+)
You are resistant to electric shocks. (rElec)
You are resistant to unholy torment.
You are immune to petrification.


Message History

You closely miss the kobold brigand.
The kobold brigand hits you with a +0 club.
The kobold throws a stone.
The stone hits you.
You puncture the kobold brigand!
The kobold brigand is moderately wounded.
You block the kobold's attack.
The kobold brigand hits you but does no damage.
You puncture the kobold brigand!
The kobold brigand is severely wounded.
A centaur comes into view.
The kobold hits you but does no damage.
The kobold brigand completely misses you.
The kobold hits you but does no damage.
The centaur shouts!
You puncture the kobold brigand!
You kill the kobold brigand!
You block the kobold's attack. x2; The kobold hits you but does no damage.
Your Fighting skill increases to level 4!
Your Armour skill increases to level 4!
Your Shields skill increases to level 4!
You have reached level 5!
The kobold barely misses you. The kobold hits you but does no damage.
There is a stone staircase leading up here.
The kobold hits you but does no damage. You block the kobold's attack.
The kobold hits you but does no damage.
You climb upwards.
The sky beast hits you but does no damage.
The ogre hits you with a +0 giant spiked club!!
Ouch! That really hurt!
* * * LOW HITPOINT WARNING * * *
There is a stone staircase leading down here.
The air fills with toxic fumes!
As you read the scroll labelled ZESKI HARHE, it crumbles to dust.
It was a scroll of poison.
The kobold hits you but does no damage. x2
The sky beast hits you.
* * * LOW HITPOINT WARNING * * *
The sky beast shocks you. You resist.
* * * LOW HITPOINT WARNING * * *
The ogre hits you with a +0 giant spiked club!
You die...

#§ §# #§ §#
#§ §# #§#§#
#§§§#
######§§§#
§§§§§§OYK#
#@# #K#
######K##
##....§§§#
......§§#..#
##.#.##§##.#
......§§§..#
##.#.##§##.#
#.# #.# #


You could see a sky beast, an ogre and 3 kobolds.

Vanquished Creatures
  A kobold brigand (D:8)
  2 adders (D:3)
  2 worms
  2 dart slugs (D:3)
  5 orcs
  4 endoplasms
  A giant cockroach (D:1)
  7 goblins
  7 hobgoblins
  2 jackals (D:1)
  2 kobolds
  6 ball pythons
  4 bats
  2 frilled lizards
  5 rats
52 creatures vanquished.

Vanquished Creatures (others)
  3 plants (D:3)
3 creatures vanquished.

Grand Total: 55 creatures vanquished

Notes
Turn   | Place    | Note
-------+----------+-------------------------------------------
     0 | D:1      | reriks the Gargoyle Fighter began the quest for the Orb.
     0 | D:1      | Reached XP level 1. HP: 14/14 MP: 1/1
    76 | D:1      | Reached XP level 2. HP: 16/19 MP: 2/2
   900 | D:1      | Reached XP level 3. HP: 23/23 MP: 3/3
  1913 | D:3      | Reached XP level 4. HP: 29/29 MP: 4/4
  2716 | D:3      | Identified the +9 rapier of Popt {vorpal, rF++ Int+4}
  3147 | D:4      | You fall into a shaft and drop 3 floors!
  3150 | D:7      | Noticed an ogre
  3155 | D:7      | Noticed a sky beast
  3157 | D:8      | Noticed a kobold brigand
  3160 | D:8      | Noticed Joseph
  3163 | D:8      | Noticed a centaur
  3164 | D:8      | Killed a kobold brigand
  3165 | D:8      | Reached XP level 5. HP: 26/33 MP: 5/5
  3168 | D:7      | Mangled by an ogre

Illustrated notes

Levels and vault maps discovered:
D:1:      moated_graveyard_arrival, layout_basic
D:2:      layout_basic
D:3:      layout_basic, minivault_24, interstate_on_off,
          guppyfry_early_lair_pool
D:4:      layout_basic, uniq_ijyb, uniq_sigmund, uniq_robin, uniq_pikel
D:7:      layout_loops_ring, uniq_maggie
D:8:      layout_loops_ring, kennysheep_vampire_church,
          minmay_fractal_squares_gapless_5, uniq_joseph

Skill      XL: |  1  2  3  4 |
---------------+-------------+-----
Long Blades    | 2 |  2.9
Fighting       | 4 |  4.1
Armour         | 4 |  4.1
Shields        | 4 |  4.1
Throwing       | |  0.6
Dodging        | |  0.8

Action                   |  1- 3 |  4- 6 || total
-------------------------+-------+-------++-------
Melee: Long sword        |   137 |    30 ||   167
       Rapier            |       |     7 ||     7
Throw: Boomerang         |     7 |     8 ||    15
  Use: Scroll            |       |     1 ||     1
Armor: Scale mail        |    32 |       ||    32
       Plate armour      |    76 |    34 ||   110
Dodge: Dodged            |    49 |    12 ||    61
Block: Buckler           |    27 |    11 ||    38

Table legend: (Time is in decaauts)
 A = Elapsed time spent in this place.
 B = Non-inter-level travel time spent in this place.
 C = Inter-level travel time spent in this place.
 D = Time resting spent in this place.
 E = Time spent auto-exploring this place.
 F = Levels seen in this place.
 G = Mean time per level.
                   A        B        C        D        E       F      G
               +--------+--------+--------+--------+--------+-----+--------+
         Total |   3229 |   3140 |     89 |    787 |   1829 |   6 |  538.2 |
       Dungeon |   3229 |   3140 |     89 |    787 |   1829 |   6 |  538.2 |
               +--------+--------+--------+--------+--------+-----+--------+

Top non-repeatable levels by time:
     D:3: 1526 daAuts
     D:1: 985 daAuts
     D:2: 628 daAuts
     D:4: 67 daAuts
     D:7: 11 daAuts
     D:8: 10 daAuts
